 Dungeon Crawl Stone Soup version 0.28-a0-881-gae16bb6c82 (webtiles) character file.

Game seed: 17895216567200324863

130 BinkBink the Ruffian (level 4, -4/44 HPs)
             Began as a Troll Monk on Nov 21, 2021.
             Slain by a hornet zombie (11 damage)
             ... on level 3 of the Dungeon.
             The game lasted 00:03:14 (2462 turns).

BinkBink the Ruffian (Troll Monk)                   Turns: 2462, Time: 00:03:15

Health: -4/44      AC:  4    Str: 19 (20) XL:     4   Next: 90%
Magic:  3/3        EV: 10    Int:  4 (6)  God:
Gold:   140        SH:  0    Dex: 11 (12) Spells: 3/4 levels left

rFire   . . .      SeeInvis .     - Unarmed
rCold   . . .      Faith    .   (no shield)
rNeg    . . .      Spirit   .   a - +0 robe
rPois   .          Reflect  .   (helmet restricted)
rElec   .          Harm     .   (no cloak)
rCorr   .          Rampage  .   (gloves unavailable)
Will    .....                   (boots unavailable)
Stlth   +.........              (no amulet)
HPRegen 1.14/turn               (no ring)
MPRegen 0.08/turn               (no ring)

@: flying
A: large, unfitting armour, claws 3, regeneration 1, shaggy fur 1, tough skin 1
a: no special abilities


You were on level 3 of the Dungeon.
You visited 1 branch of the dungeon, and saw 3 of its levels.

You collected 140 gold pieces.

Inventory:

Armour
 a - a +0 robe (worn)
Jewellery
 c - a +4 ring of evasion
Scrolls
 d - a scroll of teleportation {unknown}
 e - a scroll of holy word {unknown}
 f - a scroll of identify {unknown}
 g - a scroll of silence {unknown}
Potions
 b - a potion of degeneration


   Skills:
 + Level 2.8 Fighting
 * Level 1.3 Armour
 + Level 2.9 Dodging
 - Level 1.0 Stealth
 + Level 4.0 Unarmed Combat
 * Level 0.5 Spellcasting
 * Level 0.8 Transmutations


You had 3 spell levels left.
You knew the following spells:

 Your Spells              Type           Power      Damage    Failure   Level
a - Beastly Appendage     Tmut           0%         N/A       36%         1

Your spell library contained the following spells:

 Spells                   Type           Power      Damage    Failure   Level
 Gell's Gravitas          Tloc           0%         N/A       86%         3
 Teleport Other           Tloc           0%         N/A       86%         3
 Dispersal                Tloc           0%         N/A       100%        6


Dungeon Overview and Level Annotations

Branches:
Dungeon (3/15)

Altars:
Trog

Annotations:
D:2 1 runed translucent door, Crazy Yiuf


Innate Abilities, Weirdness & Mutations

You are too large for most types of armour.
You have claws for hands.
Your natural rate of healing is unusually fast.
You are covered in fur. (AC +1)
You have tough skin. (AC +1)


Message History

You see here a rat corpse.
You scratch the endoplasm.
You kill the endoplasm!
You scratch the orc.
The orc is severely wounded.
The orc misses you.
The orc throws a boomerang.
The boomerang closely misses you.
You see here a rat corpse.
The orc hits you with a +0 hand axe.
You claw the orc!
You kill the orc!
You claw the hornet zombie!
The hornet zombie is moderately damaged.
The hornet zombie hits you!
You claw the hornet zombie!
The hornet zombie is heavily damaged.
The hornet zombie hits you.
You claw the hornet zombie!
The hornet zombie is heavily damaged.
The hornet zombie hits you.
You scratch the hornet zombie but do no damage.
The hornet zombie is heavily damaged.
The hornet zombie hits you! The hornet zombie hits you.
You barely miss the hornet zombie.
The hornet zombie is heavily damaged.
The hornet zombie hits you.
You claw the hornet zombie!
The hornet zombie is almost destroyed.
The hornet zombie hits you!
* * * LOW HITPOINT WARNING * * *
It was a potion of degeneration.
There was something very wrong with that liquid.
You feel weakened.
You feel dopey.
You feel clumsy. The hornet zombie hits you.
* * * LOW HITPOINT WARNING * * *
A hobgoblin comes into view.
It was a potion of flight.
You feel very buoyant.
You fly up into the air.
The hornet zombie hits you!
You die...

.#.#.#.#########.####
##.#.#.........#.#
#...#########.#.#
#...+.........#.# .# ##.#
#...#####...###.# .#...b.
#....)......'.#.# .#...##
##########...#.#.# .#.#.#$
.....#...+...#.#†# .....#.
####.#.#.#...#.#@##.#.....
.............#.#Z#.†...##.
####.#.#######..Z..###.#o.
#.#...........#.#JS.o.$
#.##......###...###b#..
#.##......# #.#.....##.
#.######### #.##.#.....
#.# #.# .g...#. ..# ..#
.#.#.#?


You could see a hornet zombie, a hobgoblin and an adder skeleton.

Vanquished Creatures
  An iguana (D:3)
  Robin (D:2)
  2 adders
  A worm (D:2)
  A dart slug (D:2)
  An orc (D:3)
  An endoplasm (D:3)
  A giant cockroach (D:2)
  14 goblins
  5 hobgoblins
  12 jackals
  2 quokkas (D:1)
  6 ball pythons
  5 bats
  3 frilled lizards
  7 kobolds
  5 rats
68 creatures vanquished.

Notes
Turn   | Place    | Note
-------+----------+-------------------------------------------
     0 | D:1      | BinkBink the Troll Monk began the quest for the Orb.
     0 | D:1      | Reached XP level 1. HP: 22/22 MP: 0/0
   139 | D:1      | Found a faded altar of an unknown god.
   147 | D:1      | Got Plato's Papyrus of Transmutation
   266 | D:1      | Reached XP level 2. HP: 26/29 MP: 1/1
   268 | D:1      | Learned a level 1 spell: Beastly Appendage
   898 | D:2      | Reached XP level 3. HP: 32/36 MP: 2/2
  1400 | D:2      | Found a runed translucent door.
  1401 | D:2      | Noticed Crazy Yiuf
  1586 | D:2      | Noticed Robin
  1615 | D:2      | Reached skill level 1 in Armour
  1617 | D:2      | Reached XP level 4. HP: 39/44 MP: 3/3
  1621 | D:2      | Killed Robin
  1884 | D:3      | Found a bloodstained altar of Trog.
  2436 | D:3      | Reached skill level 4 in Unarmed Combat
  2462 | D:3      | Slain by a hornet zombie

Illustrated notes

Levels and vault maps discovered:
D:1:      ncdulo_wetmaze, layout_loops_ring,
          shapermc_ecumenical_altar_rom_forum, roderic_cross_of_infinity,
          minmay_quantized
D:2:      layout_loops_corners, patterned_corridor, uniq_crazy_yiuf_cottage,
          uniq_robin
D:3:      layout_basic, lemuel_doored_altar, minmay_fractal_squares_5

Skill      XL: |  1  2  3  4 |
---------------+-------------+-----
Armour         | 1 |  1.3
Unarmed Combat | 4 |  4.0
Fighting       | |  2.8
Dodging        | |  2.9
Stealth        | |  1.0
Spellcasting   | |  0.5
Transmutations | |  0.8

Action                   |  1- 3 |  4- 6 || total
-------------------------+-------+-------++-------
Melee: Unarmed           |   117 |    49 ||   166
       Punch             |     1 |     1 ||     2
  Use: Potion            |       |     2 ||     2
 Stab: Sleeping          |     1 |     3 ||     4
Armor: Robe              |    42 |     7 ||    49
Dodge: Dodged            |    50 |    15 ||    65

Table legend: (Time is in decaauts)
 A = Elapsed time spent in this place.
 B = Non-inter-level travel time spent in this place.
 C = Inter-level travel time spent in this place.
 D = Time resting spent in this place.
 E = Time spent auto-exploring this place.
 F = Levels seen in this place.
 G = Mean time per level.
                   A        B        C        D        E       F      G
               +--------+--------+--------+--------+--------+-----+--------+
         Total |   2458 |   2406 |     52 |      0 |   1987 |   3 |  819.3 |
       Dungeon |   2458 |   2406 |     52 |      0 |   1987 |   3 |  819.3 |
               +--------+--------+--------+--------+--------+-----+--------+

Top non-repeatable levels by time:
     D:2: 977 daAuts
     D:1: 783 daAuts
     D:3: 697 daAuts
